 Dungeon Crawl Stone Soup version 0.24.0-13-gcf9b3192b9 (webtiles) character file.

Game seed: 2831280263536786687, levelgen mode: deterministic

392 FishyPogo the Insei (level 6, 0/47 HPs)
             Began as a Gnoll Transmuter on Nov 9, 2019.
             Was a Plaything of Xom.
             Slain by a gnoll
             ... wielding a +0 halberd
              (12 damage)
             ... on level 4 of the Dungeon.
             The game lasted 00:10:14 (2890 turns).

FishyPogo the Insei (Gnoll Transmuter)              Turns: 2890, Time: 00:10:15

Health: 0/47       AC:  2    Str:  9    XL:     6   Next: 81%
Magic:  14/14      EV: 24    Int: 20    God:    Xom [..*...]
Gold:   175        SH:  0    Dex: 23    Spells: 11/15 levels left

rFire    . . .     SeeInvis .     - Unarmed
rCold    . . .     Gourm    .   (shield currently unavailable)
rNeg     . . .     Faith    .   (armour currently unavailable)
rPois    x         Spirit   .   (helmet currently unavailable)
rElec    .         Reflect  .   (cloak currently unavailable)
rCorr    .         Harm     .   (gloves currently unavailable)
MR       .....                  (boots currently unavailable)
Stlth    +++.......             x - amulet of magic regeneration
HPRegen  0.15/turn              v - -3 ring of strength (curse)
MPRegen  0.39/turn              (no ring)

@: brilliant, spider-form (expiring)
A: tiny, distributed training, strong nose
a: End Transformation, Renounce Religion


You were on level 4 of the Dungeon.
You worshipped Xom.
You were a toy of Xom.
You were not hungry.
You were a venomous arachnid creature.
You visited 1 branch of the dungeon, and saw 4 of its levels.

You collected 175 gold pieces.

Inventory:

Hand Weapons
 e - a +1 dagger of protection (melded)
Missiles
 a - 26 arrows
 h - 216 stones (quivered)
 j - 2 boomerangs of dispersal
 k - 3 silver boomerangs
 p - 3 boomerangs
 t - 9 poisoned darts
Armour
 b - a +0 robe (melded)
 c - a +0 shield
Jewellery
 q - an uncursed amulet of faith
 v - a cursed -3 ring of strength (left front leg)
 x - an amulet of magic regeneration (around neck)
Wands
 u - a wand of disintegration (8)
Scrolls
 f - 2 scrolls of remove curse {unknown}
 i - 4 scrolls of fog {unknown}
 n - 3 scrolls of teleportation {unknown}
 o - a scroll of amnesia {unknown}
 r - 8 scrolls of identify {unknown}
 s - 2 scrolls of magic mapping {unknown}
 y - a scroll of immolation {unknown}
Potions
 g - a potion of lignification
 l - a potion of flight
 m - 2 potions of heal wounds {unknown}
 w - 2 potions of curing {unknown}
Comestibles
 d - 6 rations


   Skills:
 + Level 3.3 Fighting
 + Level 2.1 Short Blades
 + Level 2.1 Long Blades
 + Level 2.1 Axes
 + Level 2.1 Maces & Flails
 + Level 2.1 Polearms
 + Level 2.1 Staves
 + Level 2.1 Slings
 + Level 2.1 Bows
 + Level 2.1 Crossbows
 + Level 2.1 Throwing
 + Level 2.1 Armour
 + Level 5.0 Dodging
 + Level 2.1 Stealth
 + Level 2.1 Shields
 + Level 6.9 Unarmed Combat
 + Level 5.4 Spellcasting
 + Level 1.6 Conjurations
 + Level 1.6 Hexes
 + Level 1.6 Charms
 + Level 1.6 Summonings
 + Level 1.6 Necromancy
 + Level 1.6 Translocations
 + Level 4.1 Transmutations
 + Level 1.6 Fire Magic
 + Level 1.6 Ice Magic
 + Level 1.6 Air Magic
 + Level 1.6 Earth Magic
 + Level 1.6 Poison Magic
 + Level 2.3 Invocations
 + Level 2.1 Evocations


You had 11 spell levels left.
You knew the following spells:

 Your Spells              Type           Power        Failure   Level  Hunger
p - Beastly Appendage     Tmut           ####..       1%          1    None
u - Spider Form           Tmut/Pois      ####......   3%          3    ##.....

Your spell library contained the following spells:

 Spells                   Type           Power        Failure   Level  Hunger
 Sticks to Snakes         Tmut           ####....     1%          2    None
 Ice Form                 Ice/Tmut       ####....     8%          4    ####...
 Blade Hands              Tmut           ####......   12%         5    #####..


Dungeon Overview and Level Annotations

Branches:
Dungeon (4/15)
 Temple: D:4-7

Altars:
Xom


Innate Abilities, Weirdness & Mutations

Your experience applies equally to all skills.
((You have very sharp teeth.))
Your uncanny sense of smell can sniff out nearby items.


Message History

The gnoll shouts!
The gnoll misses you.
You barely miss the gnoll. You bite the gnoll!
The gnoll is heavily wounded.
The gnoll completely misses you. The gnoll hits you with a +0 halberd!
You hit the gnoll but do no damage.
The gnoll is poisoned.
The gnoll is heavily wounded.
Xom smiles on you.
You feel clever all of a sudden. The gnoll hits you with a +0 whip!
* * * LOW HITPOINT WARNING * * *
The gnoll completely misses you.
You hit the gnoll but do no damage.
The gnoll is severely wounded.
The gnoll misses you. The gnoll completely misses you. The gnoll misses you.
The gnoll hits you but does no damage.
Your transformation is almost over.
The gnoll hits you with a +0 halberd!
You die...

######### ........#
........# ######
.....>..# #†....
......g.############.....
......g.s................
......gg############.....
........# ##...##.....
........# ##.....#.....
........# #............
........# #............
######...####............
# #.............##....
#.## #.....#........##.


You could see 4 gnolls.

Vanquished Creatures
  A scorpion (D:4)
  2 orc priests
  An iguana (D:4)
  An orc wizard (D:3)
  2 worker ants
  Robin (D:4)
  3 adders
  An ooze (D:2)
  An adder skeleton (D:3)
  6 worms
  3 dart slugs
  5 leopard geckos
  6 orcs
  3 ball pythons
  7 giant cockroaches
  22 goblins
  7 hobgoblins
  12 kobolds
  3 quokkas
  5 bats
  9 frilled lizards
  5 rats
106 creatures vanquished.

Notes
Turn   | Place    | Note
-------+----------+-------------------------------------------
     0 | D:1      | FishyPogo the Gnoll Transmuter began the quest for the Orb.
     0 | D:1      | Reached XP level 1. HP: 17/17 MP: 6/6
    48 | D:1      | Reached XP level 2. HP: 19/23 MP: 7/7
   332 | D:1      | Reached XP level 3. HP: 28/28 MP: 7/9
   474 | D:1      | Reached skill level 5 in Spellcasting
   666 | D:2      | Reached skill level 1 in Invocations
   806 | D:2      | Reached skill level 1 in Short Blades
   806 | D:2      | Reached skill level 1 in Long Blades
   806 | D:2      | Reached skill level 1 in Axes
   806 | D:2      | Reached skill level 1 in Maces & Flails
   806 | D:2      | Reached skill level 1 in Polearms
   806 | D:2      | Reached skill level 1 in Staves
   806 | D:2      | Reached skill level 1 in Slings
   806 | D:2      | Reached skill level 1 in Bows
   806 | D:2      | Reached skill level 1 in Crossbows
   806 | D:2      | Reached skill level 1 in Throwing
   806 | D:2      | Reached skill level 1 in Armour
   806 | D:2      | Reached skill level 1 in Stealth
   806 | D:2      | Reached skill level 1 in Shields
   806 | D:2      | Reached skill level 1 in Evocations
   823 | D:2      | Reached XP level 4. HP: 24/34 MP: 9/11
   828 | D:2      | Learned a level 3 spell: Spider Form
  1375 | D:2      | Reached skill level 1 in Conjurations
  1375 | D:2      | Reached skill level 1 in Hexes
  1375 | D:2      | Reached skill level 1 in Charms
  1375 | D:2      | Reached skill level 1 in Summonings
  1375 | D:2      | Reached skill level 1 in Necromancy
  1375 | D:2      | Reached skill level 1 in Translocations
  1375 | D:2      | Reached skill level 1 in Fire Magic
  1375 | D:2      | Reached skill level 1 in Ice Magic
  1375 | D:2      | Reached skill level 1 in Air Magic
  1375 | D:2      | Reached skill level 1 in Earth Magic
  1375 | D:2      | Reached skill level 1 in Poison Magic
  1623 | D:3      | Reached XP level 5. HP: 22/40 MP: 10/12
  2415 | D:4      | Reached XP level 6. HP: 38/47 MP: 10/13
  2417 | D:4      | Noticed Robin
  2544 | D:4      | Killed Robin
  2544 | D:4      | Reached skill level 5 in Dodging
  2820 | D:3      | Found a shimmering altar of Xom.
  2825 | D:3      | Became a worshipper of Xom of Chaos
  2885 | D:4      | XOM: potion effect (curing)
  2888 | D:4      | XOM: potion effect (brilliance)
  2890 | D:4      | Slain by a gnoll

Levels and vault maps discovered:
D:1:      dpeg_arrival_radiant, layout_basic, serial_glass, glass_columns_a,
          glass_columns_a
D:2:      layout_basic, first_ration
D:3:      lemuel_upstairs_altar, layout_basic, minmay_misc_feat_plants,
          minmay_fractal_squares_diagonal_5
D:4:      layout_rooms, uniq_robin

Skill      XL: |  1  2  3  4  5  6 |
---------------+-------------------+-----
Spellcasting   | 5 |  5.4
Invocations    | 1 2 |  2.3
Short Blades   | 1 2 |  2.1
Long Blades    | 1 2 |  2.1
Axes           | 1 2 |  2.1
Maces & Flails | 1 2 |  2.1
Polearms       | 1 2 |  2.1
Staves         | 1 2 |  2.1
Slings         | 1 2 |  2.1
Bows           | 1 2 |  2.1
Crossbows      | 1 2 |  2.1
Throwing       | 1 2 |  2.1
Armour         | 1 2 |  2.1
Stealth        | 1 2 |  2.1
Shields        | 1 2 |  2.1
Evocations     | 1 2 |  2.1
Conjurations   | 1 |  1.6
Hexes          | 1 |  1.6
Charms         | 1 |  1.6
Summonings     | 1 |  1.6
Necromancy     | 1 |  1.6
Translocations | 1 |  1.6
Fire Magic     | 1 |  1.6
Ice Magic      | 1 |  1.6
Air Magic      | 1 |  1.6
Earth Magic    | 1 |  1.6
Poison Magic   | 1 |  1.6
Fighting       | 3 |  3.3
Transmutations | 4 |  4.1
Dodging        | 5 |  5.0
Unarmed Combat | |  6.9

Action                   |  1- 3 |  4- 6 || total
-------------------------+-------+-------++-------
Melee: Dagger            |   128 |   133 ||   261
       Unarmed           |     3 |    78 ||    81
       Bite              |     7 |    22 ||    29
       Kick              |    15 |    16 ||    31
       Punch             |     3 |     9 ||    12
       Headbutt          |     6 |     2 ||     8
 Cast: Beastly Appendage |    18 |    15 ||    33
       Spider Form       |       |    15 ||    15
  Use: Potion            |       |     3 ||     3
 Stab: Sleeping          |     3 |     6 ||     9
  Eat: Chunk             |       |     8 ||     8
Armor: Robe              |    35 |    28 ||    63
       Skin              |       |    13 ||    13
Dodge: Dodged            |    86 |   172 ||   258
